AoeStats
← The Polished Pole

Arena

509518626Analyzed
1v1 RM · 6d ago on Sep 27, 2026· 35m 9s· 2 players
Game mode
Random Map
Map size
Tiny (2 player)
Population
200
Speed
Normal
Resources
Standard
Victory
Conquest
Starting age
Dark Age
Ending age
Imperial Age
RankedLock teamsTeams togetherTeam positionsShared explorationLock speedFull tech treeHidden civsTurbo modeCheats
Victory
Defeat
🇺🇸 Franks · United States
478
+12
🇺🇸 Poles · United States
387
-12
The Polished Pole
0:35 Loom
2:27 Loom
10:24 Feudal Age
10:50 Double-Bit Axe
11:07 Horse Collar
14:12 Wheelbarrow
14:23 Arson
20:35 Castle Age
21:17 Heavy Plow
21:29 Bow Saw
22:45 Hand Cart
22:44 Treadmill Crane
23:42 Ballistics
23:39 Husbandry
23:49 Bloodlines
23:02 Light Cavalry
23:55 Forging
23:52 Scale Barding Armor
23:50 Padded Archer Armor
23:41 Fletching
26:30 Murder Holes
26:49 Masonry
29:16 Szlachta Privileges
29:54 Iron Casting
29:42 Chain Barding Armor
31:15 Thumb Ring
30:32 Crossbowman
31:33 Bodkin Arrow
31:56 Leather Archer Armor
36:29 Imperial Age
ReGaLBeAgLe
13:33 Feudal Age
13:59 Double-Bit Axe
14:07 Stone Mining
15:15 Wheelbarrow
18:58 Castle Age
18:24 Gold Mining
22:54 Bow Saw
26:23 Gold Shaft Mining
28:11 Hand Cart
32:21 Imperial Age
Connection lost

Rejoining the realm…

Still unreachable

The connection could not be restored.

Session expired

The server has moved on; the page needs a fresh start.